 Dungeon Crawl Stone Soup version 0.31-a0-700-gf13585253f (webtiles) character file.

Game seed: 14923796247620519035

22 ytrimaz the Ruffian (level 2, 0/18 HPs)
             Began as an Octopode Shapeshifter on Sept 7, 2023.
             Slain by a quokka (4 damage)
             ... on level 1 of the Dungeon.
             The game lasted 00:00:28 (432 turns).

ytrimaz the Ruffian (Octopode Shapeshifter)          Turns: 432, Time: 00:00:29

Health: 0/18       AC:  1    Str: 13    XL:     2   Next: 91%
Magic:  2/2        EV: 13    Int: 12    God:
Gold:   22         SH:  0    Dex: 11    Spells: 1/1 levels left

rFire   . .          .
                       - Unarmed
rCold   . . .        (no shield)
rNeg    . . .        (helmet currently unavailable)
rPois   .            (no amulet)
rElec   .            (no ring)
rCorr   .            (no ring)
SInv    .            (no ring)
Will    .....        (no ring)
Stlth   ++           (no ring)
HPRegen 0.23/turn    (no ring)
MPRegen 0.08/turn    (no ring)
                     (no ring)

%: no passive effects
@: beast-form
A: beast (slay +1), almost no armour, amphibious, 8 rings, camouflage 1,
gelatinous body 1, (nimble swimmer 1), tentacles
a: Begin Untransformation


You were on level 1 of the Dungeon.
You were a hulking beast.
You visited 1 branch of the dungeon, and saw 1 of its levels.

You collected 22 gold pieces.


Innate Abilities, Weirdness & Mutations

You are a hulking beast.
Your limbs bulge with bestial killing power. (Slay +1)
You cannot wear most types of armour.
You are amphibious.
You can wear up to eight rings at the same time.
Your skin changes colour to match your surroundings (Stealth+).
Your rubbery body absorbs attacks. (AC +1, EV +1)
((You are camouflaged when in or above water. (Stealth+)))
You have tentacles for arms and can constrict up to eight enemies at once.


   Skills:
 - Level 1.0 Fighting
 - Level 2.0 Dodging
 + Level 3.5 Unarmed Combat
 + Level 3.4 Shapeshifting


You had one spell level left.
You didn't know any spells.
Your spell library was empty.

Inventory:

Talismans
 b - a beast talisman (active)
 c - a flux talisman
Scrolls
 a - a scroll of summoning {unknown}
 d - 2 scrolls of identify {unknown}
Potions
 e - a potion of enlightenment {unknown}
 f - 2 potions of attraction {unknown}
 g - a potion of curing {unknown}

Dungeon Overview and Level Annotations

Branches:
Dungeon (1/15) Zot: 5569

Altars:

.......... ...
...... .. ....
#####.# ...
....... #.#
....... #.##
.......###..#
........###.#
#######.grh.## #
#####..## #
#..!#########.###
#................
###.#.....######.
#..............
###.....######.
#....#.......
#...#..###...


You could see a quokka and a hobgoblin.


Message History

You feel less wooden.
You turn into a hulking beast. 😨 HP[+3]
You now have 18 max hp (-9).
You regained 3 hp, and now have 9/18 hp.
Key pressed, stopping explore.
Unknown command. 😎 HP[+9]
Your hp is fully restored (18).
a - a scroll labelled TIAPRA WIKHLI You see here a rat corpse.
You see here 4 stones.
You now have 22 gold pieces (gained 10).
You see here a +0 spear.
Key pressed, stopping explore.
Unknown command.
f - 2 bubbling red potions Key pressed, stopping explore.
No target in view!
Key pressed, stopping explore.
No target in view!
Key pressed, stopping explore.
No target in view!
g - a purple potion No target in view!
Key pressed, stopping explore.
No target in view!
You see here a rat corpse.
Key pressed, stopping explore.
No target in view!
Key pressed, stopping explore.
No target in view!
d - 2 scrolls labelled QEPYT ITUDESI (gained 1)
A ball python comes into view.
A ball python is nearby!
A ball python is nearby!
A ball python is nearby!
A quokka comes into view.
There are monsters nearby!
There are monsters nearby!
The ball python hisses angrily.
The ball python barely misses you. The ball python closely misses you.
You tentacle-slap the ball python. You grab the ball python.
You squeeze the ball python.
You kill the ball python!
Unknown command.
No target in view!
Unknown command.
No target in view!
A quokka is nearby!
A quokka is nearby!
A hobgoblin comes into view.
A quokka comes into view.
The quokka bites you. 😕 HP[-4]
You take 4 damage, and now have 14/18 hp.
MASSIVE DAMAGE!! (PAUSE)
You closely miss the quokka. You grab the quokka. You constrict the quokka.
The quokka bites you.
The quokka twitches its whiskers. 😮 HP[-2]
You take 2 damage, and now have 12/18 hp.
You release your grip on the quokka.
The quokka closely misses you. The quokka bites you.
The quokka barely misses you. 😮 HP[-2]
You take 2 damage, and now have 10/18 hp.
Unknown command.
You are too injured to fight recklessly!
You are too injured to fight recklessly!
Unknown command.
You tentacle-slap the quokka but do no damage.
You grab the quokka.
You constrict the quokka, but do no damage.
The quokka closely misses you. The quokka misses you.
You are too injured to fight recklessly!
You tentacle-slap the quokka. You constrict the quokka. The quokka bites you.
* * * LOW HITPOINT WARNING * * *
The quokka closely misses you. 😨 HP[-3]
You take 3 damage, and now have 7/18 hp.
Unknown command.
You release your grip on the quokka.
The quokka attacks as it pursues you! The quokka barely misses you.
The quokka attacks as it pursues you!
The quokka completely misses you. 😨 HP[+1]
The quokka misses you.
You tentacle-slap the quokka. Your grab misses the quokka.
The quokka bites you.
* * * LOW HITPOINT WARNING * * *
😱 HP[-4]
You take 4 damage, and now have 4/18 hp.
MASSIVE DAMAGE!! (PAUSE)
You tentacle-slap the quokka.
You kill the quokka! 😨 HP[+1]
You barely miss the quokka. Your grab misses the quokka.
Your tentacle-slap misses the quokka.
The quokka bites you.
* * * LOW HITPOINT WARNING * * *
The quokka bites you.
You die...

Action                     || total
---------------------------++-------
  Melee: Unarmed           ||    47
         Tentacles         ||     7
         Constrict         ||     8
    Use: Potion            ||     1
   Stab: Sleeping          ||     2
 Armour: Skin              ||    61
  Dodge: Dodged            ||    24

Levels and vault maps discovered:
D:1:      lightli_arrival_flooded_house, layout_basic, minmay_tetromino_o4

Notes
Turn   | Place    | Note
-------+----------+-------------------------------------------
     0 | D:1      | ytrimaz the Octopode Shapeshifter began the quest for the
                  | Orb.
     0 | D:1      | Reached XP level 1. HP: 13/13 MP: 1/1
     0 | D:1      | magus.rc [v1.9.6]
   134 | D:1      | Reached XP level 2. HP: 10/18 MP: 2/2
   229 | D:1      | HP: 6/27 [ball python (1)]
   235 | D:1      | HP: 4/27 [ball python (1)]
   430 | D:1      | HP: 4/18 [quokka (4)]
   432 | D:1      | Slain by a quokka

Vanquished Creatures
  A dart slug (D:1)
  An endoplasm (D:1)
  3 jackals (D:1)
  4 quokkas (D:1)
  3 ball pythons (D:1)
  A bat (D:1)
  2 goblins (D:1)
  3 rats (D:1)
18 creatures vanquished.

Table legend:
 A = Non-vault XP
 B = Vault XP
 C = Vault XP percentage of total XP
 D = Non-vault monster count
 E = Vault monster count
 F = Vault count percentage of total count
                 A         B        C        D         E       F
            +---------+---------+-------+---------+---------+-------
      Total |      23 |       9 |  28.1 |      14 |       4 |  22.2
            +---------+---------+-------+---------+---------+-------
        D:1 |      23 |       9 |  28.1 |      14 |       4 |  22.2
            +---------+---------+-------+---------+---------+-------

Action                     || total
---------------------------++-------
  Melee: Unarmed           ||    47
         Tentacles         ||     7
         Constrict         ||     8
    Use: Potion            ||     1
   Stab: Sleeping          ||     2
 Armour: Skin              ||    61
  Dodge: Dodged            ||    24

Illustrated notes

Table legend:
 A = Kills in this place as a percentage of kills in the entire game.
 B = Kills by you in this place as a percentage of kills by you in the entire game.
 C = Kills by friends in this place as a percentage of kills by friends in the entire game.
 D = Other kills in this place as a percentage of other kills in the entire game.
 E = Experience gained in this place as a percentage of experience gained in the entire game.
 F = Experience gained in this place divided by the number of levels of this place that you have seen.
                   A       B       C       D       E      F
               +-------+-------+-------+-------+-------+----------------------
         Total | 100.0 | 100.0 |   N/A |   N/A | 100.0 |  32.0
       Dungeon | 100.0 | 100.0 |   N/A |   N/A | 100.0 |  32.0
               +-------+-------+-------+-------+-------+----------------------

Table legend: (Time is in decaauts)
 A = Elapsed time spent in this place.
 B = Non-inter-level travel time spent in this place.
 C = Inter-level travel time spent in this place.
 D = Time resting spent in this place.
 E = Time spent auto-exploring this place.
 F = Levels seen in this place.
 G = Mean time per level.
                   A        B        C        D        E       F      G
               +--------+--------+--------+--------+--------+-----+--------+
         Total |    429 |    429 |      0 |      0 |    322 |   1 |  429.0 |
       Dungeon |    429 |    429 |      0 |      0 |    322 |   1 |  429.0 |
               +--------+--------+--------+--------+--------+-----+--------+

Top non-repeatable levels by time:
     D:1: 429 daAuts
